 Dungeon Crawl Stone Soup version 0.14-a0-226-gcf818b1 (webtiles) character file.

1892 Chiseanne the Ducker (level 9, -4/50 HPs)
             Began as a Kobold Artificer on Oct 11, 2013.
             Was a High Priest of Nemelex Xobeh.
             Slain by a sky beast (5 damage)
             ... on Level 6 of the Dungeon.
             The game lasted 00:41:53 (9223 turns).

Chiseanne the Ducker (Kobold Artificer)             Turns: 9223, Time: 00:41:53

HP  -4/50        AC  4     Str 12      XL: 9   Next: 15%
MP  18/18        EV 15     Int 10      God: Nemelex Xobeh [*****.]
Gold 297         SH 18     Dex 17      Spells:  0 memorised,  8 levels left

Res.Fire  : . . .   See Invis. : .   a - +1,+2 hand axe (vamp)
Res.Cold  : + . .   Warding    : .   e - +0 leather armour
Life Prot.: . . .   Conserve   : .   l - +0 shield
Res.Poison: +       Res.Corr.  : .   (no helmet)
Res.Elec. : .       Clarity    : .   (no cloak)
Sust.Abil.: . .     Spirit.Shd : .   j - +0 pair of gloves
Res.Mut.  : .       Stasis     : .   (no boots)
Res.Rott. : .       Flight     : .   (no amulet)
Saprovore : + + .                    g - ring of protection from cold
                                     m - ring of sustenance

@: slightly resistant to hostile enchantments, fairly stealthy
A: disease resistance, carnivore 3, poison resistance, saprovore 2
a: Draw One, Peek at Two, Triple Draw, Deal Four, Stack Five, Renounce Religion


You were on level 6 of the Dungeon.
You worshipped Nemelex Xobeh.
Nemelex Xobeh was extremely pleased with you.
You were very full.

You visited 1 branch of the dungeon, and saw 7 of its levels.

You collected 287 gold pieces.

Inventory:

Hand weapons
 a - a +1,+2 vampiric hand axe (weapon)
Missiles
 r - 3 needles of sleeping
 t - 2 silver tomahawks (quivered)
Armour
 e - a +0 leather armour (worn)
 j - a +0 pair of gloves (worn)
 l - a +0 shield (worn)
Comestibles
 f - 3 meat rations
Scrolls
 h - a scroll of identify
 p - 3 scrolls of magic mapping
 q - 2 scrolls of remove curse
 v - a scroll of recharging
Jewellery
 g - a ring of protection from cold (right hand)
 m - a ring of sustenance (left hand)


   Skills:
 * Level 3.1 Fighting
   Level 1.3 Short Blades
 * Level 2.8 Axes
   Level 4.4 Crossbows
 * Level 2.8 Armour
 * Level 7.2 Dodging
 - Level 1.3 Stealth
 * Level 2.3 Shields
   Level 2.1 Necromancy
   Level 0.7 Invocations
 * Level 6.9 Evocations


You had 8 spell levels left.
You didn't know any spells.

Dungeon Overview and Level Annotations

Branches:
Dungeon (7/27)             Temple (0/1) D:5
    Orc: D:6-11

Altars:
Nemelex Xobeh
Okawaru
Trog
Yredelemnul
Zin

Annotations:
D:5 exclusion: door, Dowan, Duvessa


Innate Abilities, Weirdness & Mutations

You recuperate from illness quickly.
You are small and have problems with some larger weapons.
You are carnivorous and can eat meat at any time.
You can eat rotten meat.
Your system is resistant to poisons.


Message History

Your shield prevents you from hitting the sky beast.
The sky beast completely misses you.
You barely miss the sky beast. You block the sky beast's attack.
You closely miss the sky beast. The sky beast hits you.
* * * LOW HITPOINT WARNING * * *
The sky beast shocks you.
* * * LOW HITPOINT WARNING * * *
You block the sky beast's attack.
You barely miss the sky beast. You block the sky beast's attack.
Your shield prevents you from hitting the sky beast.
You block the sky beast's attack.
You closely miss the sky beast.
The sky beast hits you but does no damage.
You miss the sky beast.
The sky beast flickers out of sight!
Deactivating autopickup; reactivate with Ctrl-A.
It hits you.
* * * LOW HITPOINT WARNING * * *
It shocks you.
You die...
Your body glows slightly and disappears.

#...........#######..####.###.##
#....................# #.# ###
#...........#######..####.#
#######.................##.#
................>.....#.##.#
#######.########.#.##.#.##.# #.#
#.#....#.##.# #.#
#.#.####.##.###### #I# #@#.#
#.##....... #.# #.#.#
#.##.##.### #.# #.#.# #.#####I#
#.# #.#.# #.# #.# #.# #.#.####.#
#.# #.# #.#......# #.#
#.########........# #.#
#.................# #.#
################### #.#


There were no monsters in sight!

Vanquished Creatures
  Grinder (D:5)
  4 ogres
  A phantom (D:5)
  2 centaurs
  A crocodile (D:5)
  2 giant frogs (D:6)
  A hippogriff skeleton (D:5)
  A hound (D:5)
  2 orc wizards
  2 orc priests
  An iguana (D:5)
  2 jellies
  A scorpion (D:6)
  2 worker ants
  A hound skeleton (D:5)
  A worker ant zombie (D:5)
  5 adders
  A human (D:3)
  3 gnolls (D:3)
  2 giant mites
  2 worms
  A scorpion zombie (D:5)
  An adder skeleton (D:4)
  A giant eyeball (D:6)
  6 giant geckos
  2 oozes
  14 orcs
  A bat skeleton (D:7)
  6 giant cockroaches
  12 hobgoblins
  8 kobolds
  7 bats
  A giant gecko skeleton (D:5)
  6 giant newts
  15 goblins
  A goblin zombie (D:5)
  A hobgoblin zombie (D:5)
  6 jackals
  A kobold skeleton (D:6)
  An orc skeleton (D:5)
  An orc zombie (D:5)
  10 rats
  2 plants (D:5)
142 creatures vanquished.

Vanquished Creatures (collateral kills)
  3 orcs
  2 bats (D:5)
5 creatures vanquished.

Grand Total: 147 creatures vanquished

Notes
Turn   | Place    | Note
--------------------------------------------------------------
     0 | D:1      | Chiseanne, the Kobold Artificer, began the quest for the Orb.
     0 | D:1      | Reached XP level 1. HP: 12/12 MP: 1/1
    64 | D:1      | Reached skill level 4 in Evocations
    64 | D:1      | Reached XP level 2. HP: 11/17 MP: 3/3
   506 | D:1      | Reached XP level 3. HP: 21/21 MP: 5/5
  1201 | D:2      | Reached skill level 1 in Armour
  1201 | D:2      | Reached XP level 4. HP: 9/26 MP: 7/7
  2073 | D:2      | HP: 1/26 [poison (a potion of poison)]
  2724 | D:3      | Found a basalt altar of Yredelemnul.
  2994 | D:3      | Reached XP level 5. HP: 30/30 MP: 9/9
  3030 | D:3      | Reached skill level 5 in Evocations
  3169 | D:3      | Found a sparkling altar of Nemelex Xobeh.
  3178 | D:3      | Became a worshipper of Nemelex Xobeh
  3225 | D:3      | Received a gift from Nemelex Xobeh
  3377 | D:3      | Acquired Nemelex Xobeh's first power
  3464 | D:3      | Found a bloodstained altar of Trog.
  3616 | D:2      | Gained mutation: Your system is resistant to poisons. [helix card]
  3759 | D:2      | Received a gift from Nemelex Xobeh
  3933 | D:1      | Acquired Nemelex Xobeh's second power
  4270 | D:4      | Reached XP level 6. HP: 31/36 MP: 11/11
  4272 | D:4      | Reached skill level 1 in Crossbows
  4402 | D:4      | Reached skill level 1 in Axes
  4710 | D:4      | Noticed an ogre
  4804 | D:4      | Killed an ogre
  4804 | D:4      | Reached skill level 5 in Dodging
  4812 | D:4      | Acquired Nemelex Xobeh's third power
  4853 | D:5      | Entered Level 5 of the Dungeon
  4853 | D:5      | Noticed Grinder
  4860 | D:5      | Killed Grinder
  4860 | D:5      | Reached skill level 1 in Shields
  4860 | D:5      | Reached XP level 7. HP: 40/40 MP: 13/13
  5000 | D:5      | Noticed a sky beast
  6121 | D:5      | Received a gift from Nemelex Xobeh
  6154 | D:5      | Reached skill level 1 in Necromancy
  6154 | D:5      | Reached XP level 8. HP: 45/45 MP: 10/15
  6221 | D:5      | Reached skill level 6 in Evocations
  6249 | D:5      | Acquired Nemelex Xobeh's fourth power
  6513 | D:5      | Found a glowing silver altar of Zin.
  6726 | D:5      | Found a staircase to the Ecumenical Temple.
  6753 | D:5      | Noticed an ice beast
  6914 | D:5      | Noticed Duvessa
  6914 | D:5      | Noticed Dowan
  8128 | D:6      | Received a gift from Nemelex Xobeh
  8249 | D:6      | Reached XP level 9. HP: 50/50 MP: 12/18
  8337 | D:6      | Paralysed by a giant eyeball for 2 turns
  8344 | D:6      | Paralysed by a giant eyeball for 3 turns
  8348 | D:6      | Paralysed by a giant eyeball for 2 turns
  8357 | D:6      | Reached skill level 7 in Dodging
  8358 | D:6      | Paralysed by a giant eyeball for 3 turns
  8364 | D:6      | Paralysed by a giant eyeball for 3 turns
  8371 | D:6      | Acquired Nemelex Xobeh's fifth power
  8377 | D:6      | Paralysed by a giant eyeball for 2 turns
  8394 | D:6      | Paralysed by a giant eyeball for 2 turns
  9130 | D:7      | Found an iron altar of Okawaru.
  9219 | D:6      | HP: 1/50 [sky beast (5)]
  9223 | D:6      | Slain by a sky beast

Action                   |  1- 3 |  4- 6 |  7- 9 || total
-------------------------+-------+-------+-------++-------
Melee: Short sword       |   126 |    27 |       ||   153
       Hand axe          |       |   158 |   407 ||   565
Throw: Tomahawk          |       |       |     7 ||     7
Invok: Draw One          |       |     7 |    27 ||    34
Evoke: Wand              |     4 |    27 |    26 ||    57
  Use: Potion            |     1 |     5 |     7 ||    13
       Scroll            |       |     9 |     6 ||    15
 Stab: Sleeping          |     1 |     2 |     1 ||     4
       Distracted        |       |     1 |       ||     1
